 Dungeon Crawl Stone Soup version 0.28-a0-834-g1a73be5ee4 (webtiles) character file.

Game seed: 9152861504980830612

26056 jasper the Frost Mage (level 12, -5/90 HPs)
             Began as a Demonspawn Cinder Acolyte on Nov 11, 2021.
             Was an Initiate of Kikubaaqudgha.
             Slain by a catoblepas (10 damage)
             ... while petrified by a catoblepas
             ... on level 6 of the Lair of Beasts.
             The game lasted 00:30:48 (24135 turns).

jasper the Frost Mage (Demonspawn Cinder Acolyte)  Turns: 24135, Time: 00:30:49

Health: -5/90      AC: 10    Str: 19    XL:     12   Next: 95%
Magic:  15/22      EV:  2    Int: 22    God:    Kikubaaqudgha [......]
Gold:   432        SH:  0    Dex:  9    Spells: 2/25 levels left

rFire   . . .      SeeInvis .   a - +0 spear (drain)
rCold   . . .      Faith    .   (no shield)
rNeg    + + +      Spirit   .   s - +0 robe of Foequysi {Str+3 Int+3}
rPois   ∞          Reflect  .   M - +2 hat
rElec   .          Harm     .   C - +0 cloak
rCorr   +          Rampage  .   x - +0 pair of gloves
Will    .....                   q - +0 pair of boots
Stlth   +.........              n - amulet of the acrobat
HPRegen 0.25/turn               w - ring of poison resistance
MPRegen 0.18/turn               F - ring of resist corrosion

@: petrified, slowed, studying Hexes, fire susceptible
A: horns 1, rugged brown scales 2, demonic guardian 2, ignite blood 2
a: Renounce Religion


You were on level 6 of the Lair of Beasts.
You worshipped Kikubaaqudgha.
Kikubaaqudgha was noncommittal.
You visited 3 branches of the dungeon, and saw 17 of its levels.

You collected 892 gold pieces.
You spent 460 gold pieces at shops.

Inventory:

Hand Weapons
 a - a +0 spear of draining (weapon)
Missiles
 h - 34 boomerangs
 N - 3 curare-tipped darts
Armour
 b - a +0 robe
 d - a +1 ring mail
 g - a scarf of harm
 q - a +0 pair of boots (worn)
 s - the +0 robe of Foequysi (worn) {Str+3 Int+3}
   (You bought it in a shop on level 7 of the Dungeon)

   Str:       It affects your strength (+3).
   Int:       It affects your intelligence (+3).
 x - a +0 pair of gloves (worn)
 C - a +0 cloak (worn)
 I - +0 steam dragon scales
 M - a +2 hat (worn)
 U - a +0 kite shield
Magical Staves
 j - a staff of fire
 D - a staff of air
Jewellery
 e - an amulet of guardian spirit
 n - an amulet of the acrobat (around neck)
 u - a ring of ice
 w - a ring of poison resistance (left hand)
 F - a ring of resist corrosion (right hand)
 O - a ring of see invisible
Wands
 c - a wand of acid (2)
 k - a wand of charming (10)
 m - a wand of flame (38)
 H - a wand of polymorph (2)
 K - a wand of digging (5)
 R - a wand of iceblast (9)
 V - a wand of mindburst (18)
Scrolls
 i - 12 scrolls of teleportation
 r - a scroll of enchant weapon
 t - 2 scrolls of fog
 y - 4 scrolls of magic mapping
 z - 3 scrolls of enchant armour
 G - 3 scrolls of amnesia
Potions
 f - a potion of invisibility
 l - 3 potions of attraction
 o - 5 potions of mutation
 p - 4 potions of lignification {unknown}
 v - a potion of magic {unknown}
 A - 3 potions of might {unknown}
 B - 4 potions of haste {unknown}
 E - a potion of brilliance {unknown}
 J - 2 potions of cancellation {unknown}
 L - a potion of heal wounds {unknown}
 P - a potion of flight {unknown}
 Q - a potion of degeneration {unknown}
 S - 2 potions of resistance
 T - a potion of curing


   Skills:
 - Level 5.5 Fighting
 - Level 2.6 Polearms
 - Level 5.0 Armour
 - Level 7.1 Spellcasting
 - Level 3.0 Conjurations
 - Level 9.1 Necromancy
 - Level 3.2 Fire Magic
 + Level 14.1 Ice Magic
 - Level 2.7 Earth Magic
 - Level 6.4 Poison Magic


You had 2 spell levels left.
You knew the following spells:

 Your Spells              Type           Power      Damage    Failure   Level
a - Scorch                Fire           44%        2d7       3%          2
b - Animate Skeleton      Necr           96%        N/A       1%          1
c - Vampiric Draining     Necr           48%        2d9       1%          3
d - Ozocubu's Armour      Ice            63%        N/A       1%          3
e - Ozocubu's Refrigerat  Ice            31%        4d11      22%         7
f - Olgreb's Toxic Radia  Pois           36%        N/A       6%          4
g - Stone Arrow           Conj/Erth      40%        3d9       8%          3

Your spell library contained the following spells:

 Spells                   Type           Power      Damage    Failure   Level
 Pain                     Necr           100%       1d9       1%          1
 Sandblast                Erth           38%        2d10      2%          1
 Sting                    Tmut/Pois      88%        1d7       2%          1
 Poisonous Vapours        Pois/Air       44%        N/A       3%          2
 Passwall                 Tmut/Erth      10%        N/A       7%          2
 Static Discharge         Conj/Air       14%        N/A       7%          2
 Lightning Bolt           Conj/Air       7%         1d19      77%         5
 Maxwell's Capacitive Co  Air            3%         ∞         100%        8


Dungeon Overview and Level Annotations

Branches:
Dungeon (11/15)            Temple (0/1) D:5            Lair (6/6) D:8
 Shoals (0/4) Lair:2       Spider (0/4) Lair:3        Slime (0/5) Lair:6
    Orc (1/2) D:10

Altars:
Ashenzari
Elyvilon
Gozag
Kikubaaqudgha
Nemelex Xobeh
Okawaru
Qazlal
Trog
Vehumet
Wu Jian
The Shining One
Jiyva

Shops:
D:3 *   D:7 [   D:10 :

Annotations:
Lair:6 Rupert, Snorg


Innate Abilities, Weirdness & Mutations

You have a pair of small horns on your head.
You are mostly covered in rugged brown scales. (AC +2, +5% HP)
A demonic guardian rushes to your aid.
Your demonic aura often causes spilled blood to erupt in flames.


Message History

The plant is engulfed in calcifying dust.
The water moccasin bites you.
* * * LOW HITPOINT WARNING * * *
The wyvern is engulfed in calcifying dust.
The wyvern stops moving altogether!
The dream sheep bites you!
* * * LOW HITPOINT WARNING * * *
The catoblepas gores you.
* * * LOW HITPOINT WARNING * * *
The water moccasin bites you but does no damage.
The plant is engulfed in calcifying dust.
The plant turns to stone!
The wyvern is engulfed in calcifying dust.
The water moccasin bites you.
* * * LOW HITPOINT WARNING * * *
The dream sheep bites you.
* * * LOW HITPOINT WARNING * * *
A demonic guardian appears!
The catoblepas gores you!
* * * LOW HITPOINT WARNING * * *
The wyvern is engulfed in calcifying dust.
The dream sheep bites your sun demon but does no damage.
The hornet looks more healthy.
The wyvern looks more healthy.
The plant is engulfed in calcifying dust.
A nearby plant withers and dies.
The dream sheep looks more healthy.
The water moccasin bites you but does no damage.
The wyvern is engulfed in calcifying dust.
The polar bear goes berserk!
The dream sheep bites you!
* * * LOW HITPOINT WARNING * * *
The catoblepas breathes a plume of calcifying dust at you.
The blast of calcifying dust hits you but does no damage.
The blast of calcifying dust hits the wyvern!
The dream sheep misses your sun demon.
The dream sheep bites you but does no damage.
The water moccasin bites you.
* * * LOW HITPOINT WARNING * * *
You are engulfed in calcifying dust.
The dream sheep looks more healthy.
The catoblepas looks more healthy.
Your sun demon barely misses the dream sheep.
The catoblepas gores you!!
You die...
Kikubaaqudgha rasps: "You have failed me!
Welcome... oblivion!"

*,,***,,***,,,,,,,,,,,* #P..##
*,,*,**,,.##*,,*,*,*,.# #...##
*,,*,,**,...##*,**,,.P# #P...#
*,,**,,**.....######..# #...##
,,,,*,,,*#.......#....# #...#
,,,,**,,,*#..§.......#* #..###
,,,,,*,,,,*#..§3....,* ##.#.#
,,,,,**,,,,*#.YlYY#*** ##..#**#
,,,,,,*,,,,*#.yS@.# #..###.#
****,**,,P.P.####Y## #.....##
******,,,.,,,*#*#@h# ##.....P#
*,,,,<,,,,,,,*#!#T.#####.....P##*
*,,,,,,,,,,,#.##..w#.##....#....#
*,,,,,,,,,,.............##..##..P
*,,,,,,,,,,......_>..P..##..#,#P.
,,,***,,,,,##P.......###.#...#*##
,,,**,,,,,,,###....### *#...#.#


You could see Rupert (berserk, very poisoned), Snorg (poisoned), a catoblepas, a
torpor snail, a polar bear (berserk, very poisoned), a hornet, a water moccasin,
a wyvern (petrified), 3 dream sheep and a friendly sun demon (summoned, slow).

Vanquished Creatures
  4 hydras
  2 boulder beetles
  A two-headed ogre (D:11)
  Nergalle (Lair:2)
  An oklob plant (Lair:1)
  A cyclops (D:11)
  2 centaur zombies (D:10)
  Maurice (D:9)
  A gargoyle (D:10)
  Maggie (D:6)
  6 cane toads
  5 komodo dragons
  A troll (D:10)
  A hornet (Lair:2)
  A slime creature (D:7)
  16 blink frogs
  3 dream sheep (Lair:6)
  3 fire elementals
  6 humans
  20 yaks
  A wyvern (Lair:4)
  2 steam dragons
  2 basilisks
  2 acid dragons (D:11)
  Duvessa (D:6)
  7 water moccasins
  5 orc warriors
  An ice beast (D:8)
  3 sky beasts
  4 black bears (Lair:2)
  A necrophage (D:4)
  4 ogres
  4 wolves (Lair:2)
  2 centaurs
  2 kobold brigands
  4 bullfrogs
  A gnoll sergeant (D:8)
  4 scorpions
  A water moccasin skeleton (D:5)
  Dowan (D:6)
  5 killer bees (D:8)
  An electric eel (Lair:2)
  4 howler monkeys
  A bullfrog zombie (D:7)
  4 orc priests
  A jelly (D:4)
  2 gnoll shamans
  Jessica (D:3)
  A centaur skeleton (D:4)
  2 iguanas
  13 orc wizards
  2 howler monkey zombies
  3 howler monkey skeletons
  14 gnolls
  8 adders
  4 white imps
  2 worms
  4 dart slugs (D:1)
  23 orcs
  4 ball pythons
  4 endoplasms
  9 giant cockroaches
  11 goblins
  8 hobgoblins
  2 jackals (D:2)
  5 quokkas
  8 bats
  3 frilled lizards
  13 kobolds
  3 rats (D:1)
  A butterfly (Lair:1)
295 creatures vanquished.

Vanquished Creatures (collateral kills)
  A hydra (Lair:4)
  A two-headed ogre (D:9)
  Sonja (Lair:2)
  A black mamba (Lair:2)
  A snapping turtle (Lair:2)
  2 yaks (Lair:2)
  An ogre (Orc:1)
  A centaur (D:11)
  A dart slug (D:1)
  An orc (D:4)
11 creatures vanquished.

Vanquished Creatures (others)
  126 foxfires
  13 fungi
  57 plants
196 creatures vanquished.

Grand Total: 502 creatures vanquished

Notes
Turn   | Place    | Note
-------+----------+-------------------------------------------
     0 | D:1      | jasper the Demonspawn Cinder Acolyte began the quest for
                  | the Orb.
     0 | D:1      | Reached XP level 1. HP: 18/18 MP: 2/2
   334 | D:1      | Gained mutation: A weak demonic guardian rushes to your
                  | aid. [demonic ancestry]
   334 | D:1      | Reached XP level 2. HP: 22/24 MP: 4/4
   337 | D:1      | Learned a level 2 spell: Scorch
   705 | D:1      | Gained mutation: You are partially covered in rugged brown
                  | scales. (AC +1, +3% HP) [demonic ancestry]
   705 | D:1      | Reached XP level 3. HP: 24/29 MP: 1/6
   785 | D:1      | Reached skill level 1 in Armour
  1477 | D:2      | Learned a level 1 spell: Animate Skeleton
  1481 | D:2      | Learned a level 3 spell: Vampiric Draining
  1680 | D:2      | Reached XP level 4. HP: 36/36 MP: 2/7
  2025 | D:2      | Found a faded altar of an unknown god.
  2897 | D:3      | Reached skill level 1 in Necromancy
  3182 | D:3      | Noticed Jessica
  3188 | D:3      | Killed Jessica
  3430 | D:3      | Found Inwut's General Store.
  3433 | D:3      | Bought a scroll of fear for 35 gold pieces
  3433 | D:3      | Bought a scroll of teleportation for 30 gold pieces
  3433 | D:3      | Bought a potion of curing for 30 gold pieces
  3462 | D:3      | Gained mutation: You are mostly covered in rugged brown
                  | scales. (AC +2, +5% HP) [demonic ancestry]
  3462 | D:3      | Reached XP level 5. HP: 36/43 MP: 5/9
  4308 | D:4      | Noticed a necrophage
  4313 | D:4      | Killed a necrophage
  4314 | D:4      | Reached XP level 6. HP: 49/49 MP: 4/11
  4644 | D:4      | Gained mutation: Your demonic aura sometimes causes spilled
                  | blood to erupt in flames. [demonic ancestry]
  4644 | D:4      | Reached XP level 7. HP: 54/54 MP: 7/12
  4982 | D:5      | Entered Level 5 of the Dungeon
  5144 | D:5      | Reached skill level 5 in Necromancy
  5422 | D:5      | Found a broken altar of Ashenzari.
  5731 | D:5      | Found a staircase to the Ecumenical Temple.
  6055 | D:5      | Gained mutation: You have a pair of small horns on your
                  | head. [demonic ancestry]
  6055 | D:5      | Reached XP level 8. HP: 59/60 MP: 3/14
  6055 | D:5      | Found a radiant altar of Vehumet.
  6611 | D:6      | Learned a level 3 spell: Ozocubu's Armour
  6619 | D:6      | Learned a level 7 spell: Ozocubu's Refrigeration
  6750 | D:6      | Noticed Maggie
  6758 | D:6      | Killed Maggie
  6759 | D:6      | Reached skill level 5 in Spellcasting
  6759 | D:6      | Reached skill level 2 in Ice Magic
  7186 | D:6      | Noticed Dowan
  7189 | D:6      | Noticed Duvessa
  7191 | D:6      | Killed Dowan
  7198 | D:6      | Killed Duvessa
  7199 | D:6      | Reached skill level 3 in Ice Magic
  8033 | D:7      | Reached XP level 9. HP: 64/66 MP: 8/17
  8114 | D:7      | Reached skill level 5 in Armour
  8122 | D:7      | Reached skill level 4 in Ice Magic
  8226 | D:7      | Found an ancient bone altar of Kikubaaqudgha.
  8323 | D:7      | Found Mani's Antique Armour Shoppe.
  8480 | D:7      | Noticed an eight-headed hydra
  8511 | D:7      | Killed an eight-headed hydra
  8512 | D:7      | Reached skill level 5 in Ice Magic
  9410 | D:8      | Reached skill level 6 in Ice Magic
  9726 | D:8      | Gained mutation: Your demonic aura often causes spilled
                  | blood to erupt in flames. [demonic ancestry]
  9726 | D:8      | Reached XP level 10. HP: 58/76 MP: 14/19
 10110 | D:8      | Found a staircase to the Lair.
 10466 | D:7      | Bought a faintly humming robe for 125 gold pieces
 10466 | D:7      | Identified the +0 robe of Foequysi {Str+3 Int+3} (You
                  | bought it in a shop on level 7 of the Dungeon)
 10613 | D:8      | Noticed a boulder beetle
 10797 | D:9      | Noticed Maurice
 10799 | D:9      | Paralysed by Maurice for 3 turns
 10806 | D:9      | Killed Maurice
 10807 | D:9      | Reached skill level 5 in Fighting
 10989 | D:9      | Found an ornate altar of the Wu Jian Council.
 11173 | D:9      | Found an opulent altar of Gozag.
 11173 | D:9      | Found a stormy altar of Qazlal.
 11722 | D:9      | Noticed a two-headed ogre
 11764 | D:10     | Entered Level 10 of the Dungeon
 11764 | D:10     | Found Xefeen's Book Boutique.
 11915 | D:10     | Reached skill level 7 in Ice Magic
 12128 | D:10     | Found a staircase to the Orcish Mines.
 12157 | D:10     | Found a bloodstained altar of Trog.
 12299 | D:10     | Noticed a boulder beetle
 12329 | D:10     | Noticed a five-headed hydra
 12329 | D:10     | a boulder beetle changed into a five-headed hydra
 12356 | D:10     | Noticed a gargoyle
 12754 | D:10     | Bought a Young Poisoner's Handbook for 240 gold pieces
 12759 | D:10     | Learned a level 4 spell: Olgreb's Toxic Radiance
 12843 | D:10     | Reached skill level 1 in Poison Magic
 13071 | D:11     | Noticed a cyclops
 13206 | D:11     | Killed a cyclops
 13346 | D:11     | Noticed a red ugly thing
 13853 | D:8      | Found an iron altar of Okawaru.
 13946 | D:8      | Killed a boulder beetle
 13947 | D:8      | Reached skill level 5 in Poison Magic
 14508 | D:9      | Reached XP level 11. HP: 84/84 MP: 9/21
 14737 | D:9      | Killed a two-headed ogre
 15641 | D:10     | You fall into a shaft and drop 1 floor!
 15641 | D:11     | Noticed a boulder beetle
 15641 | D:11     | Noticed a two-headed ogre
 15662 | D:11     | Killed a boulder beetle
 15663 | D:11     | Reached skill level 8 in Ice Magic
 15666 | D:11     | Killed a two-headed ogre
 15923 | D:10     | Found a sparkling altar of Nemelex Xobeh.
 16190 | Orc:1    | Entered Level 1 of the Orcish Mines
 16190 | Orc:1    | Noticed an orc knight
 16218 | Orc:1    | Noticed an orc knight
 16434 | Lair:1   | Entered Level 1 of the Lair of Beasts
 16434 | Lair:1   | Noticed an oklob plant
 16500 | Lair:1   | Killed an oklob plant
 16501 | Lair:1   | Reached skill level 9 in Ice Magic
 17274 | Lair:1   | Reached skill level 10 in Ice Magic
 17400 | Lair:1   | Noticed a seven-headed hydra
 17410 | Lair:1   | Killed a seven-headed hydra
 18608 | Lair:2   | You fall into a shaft and drop 1 floor!
 18608 | Lair:3   | Found a hole to the Spider Nest.
 18637 | Lair:3   | Reached skill level 11 in Ice Magic
 19081 | Lair:2   | Gained mutation: A demonic guardian rushes to your aid.
                  | [demonic ancestry]
 19081 | Lair:2   | Reached XP level 12. HP: 80/90 MP: 15/22
 19098 | Lair:2   | Found a staircase to the Shoals.
 19633 | Lair:2   | Reached skill level 12 in Ice Magic
 19836 | Lair:2   | Noticed Sonja
 19842 | Lair:2   | Killed Sonja
 20247 | Lair:2   | Learned a level 3 spell: Stone Arrow
 20254 | Lair:2   | Identified the +4 spear of Qodankox {drain, Dex+3}
 20334 | D:7      | Fell from the grace of Ignis
 20334 | D:7      | Became a worshipper of Kikubaaqudgha
 20501 | Lair:2   | Noticed Nergalle
 20670 | Lair:2   | Killed Nergalle
 20671 | Lair:2   | Reached skill level 1 in Conjurations
 20671 | Lair:2   | Reached skill level 1 in Earth Magic
 20997 | Lair:2   | Noticed an eight-headed hydra
 21049 | Lair:2   | HP: 4/90 [eight-headed hydra (10)]
 21052 | Lair:2   | Killed an eight-headed hydra
 21558 | Lair:2   | Noticed an eight-headed hydra
 21566 | Lair:2   | Killed an eight-headed hydra
 22843 | Lair:3   | Reached skill level 13 in Ice Magic
 23615 | Lair:4   | Noticed a four-headed hydra
 23630 | Lair:4   | Killed a four-headed hydra
 23960 | Lair:4   | You fall into a shaft and drop 2 floors!
 23960 | Lair:6   | Entered Level 6 of the Lair of Beasts
 24024 | Lair:6   | Reached skill level 14 in Ice Magic
 24084 | Lair:6   | Noticed Snorg
 24115 | Lair:6   | Found a staircase to the Slime Pits.
 24115 | Lair:6   | Found a viscous altar of Jiyva.
 24117 | Lair:6   | Noticed Rupert
 24118 | Lair:6   | Noticed a catoblepas
 24135 | Lair:6   | Slain by a catoblepas

Illustrated notes

Levels and vault maps discovered:
D:1:      roderic_crop_circles_arrival_large, layout_loops_corners,
          minmay_hexomino_c4
D:2:      layout_basic, chequers_ecumenical_altar_simple_redux, basic_altar
D:3:      layout_basic, nicolae_overflow_hidden_temple, serial_shops,
          nicolae_shop_window_shopping, uniq_jessica
D:4:      layout_loops_ring
D:5:      layout_cave_pods, lemuel_coloured_pillars_altar,
          mainiacjoe_overflow_brackets, minmay_temple_entry_butterflies,
          minivault_14
D:6:      layout_gridville, grunt_decor_mini_mirrors, grunt_decor_junction,
          uniq_duvessa, uniq_maggie
D:7:      layout_rooms, nicolae_kikubaaqudgha_miasma_corner, serial_shops,
          nicolae_take_the_stairs, minmay_small_thing
D:8:      layout_basic, okawaru_humans, lair_entry_dummy
D:9:      layout_loops_corners, mainiacjoe_overflow_divided_tiny,
          mainiacjoe_overflow_alcove_4, minmay_ruffians, uniq_maurice
D:10:     layout_irregular_city, minitemple, orc_david_3, enter_bailey_5,
          serial_shops, nicolae_shop_crystal
D:11:     layout_cave_pools
Lair:1:   layout_long_grid, dpeg_stationary_puzzle, lemuel_fruit_fields
Lair:2:   cheibrodos_lair_overgrown_chateau, layout_regular_city,
          minmay_shoals_entry_hut, minivault_26, chequers_serial_rivers_micro_c,
          infiniplex_staircase_pool, uniq_nergalle, uniq_sonja
Lair:3:   layout_small_grid, spider_nest_entry_webs,
          grunt_forest_small_clearings, beast_lair_carwin_11
Lair:4:   layout_long_grid
Lair:6:   hangedman_lair_tendril_chambers, layout_loops_ring, slime_altar_1,
          ebering_ghost_funeral_grove, uniq_snorg, uniq_josephine, uniq_rupert
Orc:1:    layout_diamond_mine, uniq_erolcha

Skill      XL: |  1  2  3  4  5  6  7  8  9 10 11 12 |
---------------+-------------------------------------+-----
Spellcasting   | 2 3 4 5 6 7 |  7.1
Fire Magic     | 3 |  3.2
Armour         | 1 2 3 4 5 |  5.0
Necromancy     | 1 3 4 6 7 8 9 |  9.1
Ice Magic      | 3 6 7 11 14 | 14.1
Fighting       | 4 5 |  5.5
Poison Magic   | 5 6 |  6.4
Conjurations   | 3 |  3.0
Earth Magic    | 2 |  2.7
Polearms       | |  2.6

Action                   |  1- 3 |  4- 6 |  7- 9 | 10-12 || total
-------------------------+-------+-------+-------+-------++-------
Melee: Spear             |   107 |       |       |    84 ||   191
       Staff             |       |    48 |    75 |    93 ||   216
       Headbutt          |       |       |    13 |    33 ||    46
 Cast: Scorch            |    18 |    61 |   100 |   285 ||   464
       Vampiric Draining |       |       |    19 |     7 ||    26
       Animate Skeleton  |       |       |     1 |     1 ||     2
       Olgreb's Toxic Ra |       |       |       |    87 ||    87
       Stone Arrow       |       |       |       |    12 ||    12
       Ozocubu's Refrige |       |       |       |     3 ||     3
       Ozocubu's Armour  |       |       |       |     1 ||     1
Invok: Sea of Fire       |     1 |       |       |       ||     1
       Foxfire Swarm     |     1 |       |     7 |       ||     8
Evoke: Wand              |       |       |     3 |    16 ||    19
  Use: Scroll            |       |     8 |     6 |    10 ||    24
       Potion            |       |       |       |     7 ||     7
 Stab: Paralysed         |       |       |       |     9 ||     9
       Invisible         |       |       |       |     1 ||     1
Armor: Ring mail         |    36 |    37 |     8 |       ||    81
       Robe              |     2 |       |       |   187 ||   189
       Steam dragon scal |       |       |    43 |    29 ||    72
Dodge: Dodged            |    51 |    40 |    99 |   330 ||   520

Table legend: (Time is in decaauts)
 A = Elapsed time spent in this place.
 B = Non-inter-level travel time spent in this place.
 C = Inter-level travel time spent in this place.
 D = Time resting spent in this place.
 E = Time spent auto-exploring this place.
 F = Levels seen in this place.
 G = Mean time per level.
                   A        B        C        D        E       F      G
               +--------+--------+--------+--------+--------+-----+--------+
         Total |  24190 |  23221 |    969 |   4654 |  15350 |  17 | 1422.9 |
       Dungeon |  16582 |  15834 |    748 |   2597 |  11111 |  11 | 1507.5 |
          Lair |   7578 |   7359 |    219 |   2057 |   4239 |   5 | 1515.6 |
  Orcish Mines |     29 |     29 |      0 |      0 |      0 |   1 |   29.0 |
               +--------+--------+--------+--------+--------+-----+--------+

Top non-repeatable levels by time:
  Lair:2: 3320 daAuts
    D:10: 2541 daAuts
     D:9: 2248 daAuts
  Lair:1: 2097 daAuts
     D:7: 1771 daAuts
  Lair:3: 1635 daAuts
     D:5: 1629 daAuts
     D:8: 1584 daAuts
     D:1: 1469 daAuts
     D:6: 1410 daAuts
     D:2: 1303 daAuts
     D:4: 1234 daAuts
     D:3: 1029 daAuts
    D:11: 359 daAuts
  Lair:4: 351 daAuts
